 Dungeon Sprint DCSS version 0.25-a0-665-ga69d64035b (webtiles) character file.

Game seed: 17701310900189348978, levelgen mode: deterministic

19179 Findor the Spry (level 12, -4/118 HPs)
             Began as an Octopode Transmuter on Mar 25, 2020.
             Was the Champion of Cheibriados.
             Killed from afar by a fire dragon (46 damage)
             ... with a blast of flame
             ... in the Dungeon (Sprint IX: "|||||||||||||||||||||||||||||") on Mar 26, 2020.
             The game lasted 00:14:49 (3449 turns).

Findor the Spry (Octopode Transmuter)               Turns: 3449, Time: 00:14:49

Health: -4/118     AC:  9    Str: 25    XL:     12   Next: 66%
Magic:  23/23      EV: 27    Int: 34    God:    Cheibriados [******]
Gold:   807        SH:  0    Dex: 28    Spells: 10/25 levels left

rFire    x . .     SeeInvis .     - Unarmed
rCold    + + +     Gourm    .   (shield currently unavailable)
rNeg     . . .     Faith    .   (helmet currently unavailable)
rPois    +         Spirit   .   (no amulet)
rElec    .         Reflect  .   o - +2 ring of protection
rCorr    .         Harm     .   z - ring of poison resistance
MR       .....     NoTele   +   (no ring)
Stlth    ++++++....             (no ring)
HPRegen  0.29/turn              (no ring)
MPRegen  0.18/turn              (no ring)
                                (no ring)
                                (no ring)

@: ice-form, very slow
A: large, almost no armour, stealthy swim, amphibious, 8 rings, (constrict 8)
a: End Transformation, Bend Time, Temporal Distortion, Slouch, Step From Time,
Renounce Religion


You were in the Dungeon.
You worshipped Cheibriados.
Cheibriados was exalted by your worship.
You were not hungry.
You were a creature of crystalline ice.
You visited 1 branch You collected 1909 gold pieces.
You spent 1102 gold pieces at shops.


Innate Abilities, Weirdness & Mutations

You cannot wear most types of armour.
You are very stealthy in the water. (Stealth+)
You are amphibious.
You can wear up to eight rings at the same time.
((You can use your tentacles to constrict eight enemies at once.))
((Your skin changes colour to match your surroundings (Stealth+).))
((Your rubbery body absorbs attacks. (AC +1, EV +1)))


   Skills:
 + Level 16.2 Fighting
 + Level 16.3 Dodging
 + Level 11.6 Stealth
 - Level 13.0 Unarmed Combat
 - Level 7.4 Spellcasting
 - Level 8.1 Transmutations
 - Level 11.2 Invocations
 * Level 6.2 Evocations


You had 10 spell levels left.
You knew the following spells:

 Your Spells              Type           Power        Failure   Level  Hunger
a - Beastly Appendage     Tmut           ######       1%          1    None
b - Sticks to Snakes      Tmut           ######..     1%          2    None
c - Blade Hands           Tmut           ######....   3%          5    ####...
d - Ice Form              Ice/Tmut       #####...     6%          4    None
x - Spider Form           Tmut/Pois      #####.....   1%          3    None

Your spell library contained the following spells:

 Spells                   Type           Power        Failure   Level  Hunger


Inventory:

Hand Weapons
 a - the +6 rapier of the Foremost Emperors (melded) {drain, Str+4}
   (You bought it in a shop in the Dungeon)

   A truly terrible weapon, it drains the life of those it strikes.
   It affects your strength (+4).
Missiles
 n - 12 arrows
Armour
 y - a +2 hat (melded)
   (You took it off Gastronok in the Dungeon)
Magical Staves
 m - an uncursed staff of energy {!a}
   (You found it in the Dungeon)
Jewellery
 o - a +2 ring of protection (left front paw)
   (You found it in the Dungeon)
 z - a ring of poison resistance (right front paw)
   (You found it in the Dungeon)
 A - an uncursed ring of protection from cold
   (You found it in the Dungeon)
 B - an uncursed ring of protection from cold
   (You found it in the Dungeon)
Wands
 d - a wand of iceblast (8)
   (You found it in the Dungeon)
 x - a wand of acid (3)
   (You bought it in a shop in the Dungeon)
Scrolls
 i - a scroll of blinking
 j - 3 scrolls of remove curse {@r2}
 k - 3 scrolls of amnesia
 u - 4 scrolls of enchant weapon
 v - 2 scrolls of enchant armour
 w - 4 scrolls of fog
 C - a scroll of fear
Potions
 b - 2 potions of brilliance
 e - a potion of flight
 f - a potion of haste {@q3}
 g - 3 potions of magic
 l - 8 potions of curing {@q1}
 p - 3 potions of heal wounds {@q2}
 q - a potion of mutation {!q}
 r - 3 potions of might
Miscellaneous
 h - a lamp of fire
   (You bought it in a shop in the Dungeon)
 s - a fan of gales (inert)
   (You found it in the Dungeon)
Comestibles
 c - 12 rations


Message History

Aim the lamp in which direction?
Press: ? - help, Dir - move target cursor, f - red ugly thing
Aim: a red ugly thing (heavily wounded)
The trail of fire hits the red ugly thing.
The red ugly thing resists.
The trail of fire hits the cyan very ugly thing!
The trail of fire hits the fire dragon but does no damage.
The trail of fire hits the yaktaur!
The yaktaur is engulfed in blazing flames.
The cyan very ugly thing is engulfed in blazing flames.
You punch the cyan very ugly thing! You freeze the cyan very ugly thing.
The yaktaur is engulfed in blazing flames.
The red ugly thing is engulfed in blazing flames.
You pummel the cyan very ugly thing!! You freeze the cyan very ugly thing!
The cyan very ugly thing is engulfed in blazing flames.
The cyan very ugly thing punches you!!
* * * LOW HITPOINT WARNING * * *
The cyan very ugly thing shocks you!!
* * * LOW HITPOINT WARNING * * *
The yaktaur is engulfed in blazing flames.
You hit the cyan very ugly thing but do no damage.
The red ugly thing is engulfed in blazing flames.
The red ugly thing basks in the mutagenic energy from its kin and changes!
The fire dragon is engulfed in blazing flames.
You feel much better.
The cyan very ugly thing is engulfed in blazing flames.
You kill the cyan very ugly thing!
Cheibriados thoroughly appreciates the change of pace.
Your Stealth skill increases to level 11!
Your Evocations skill increases to level 5!
The yaktaur is engulfed in blazing flames.
You kill the yaktaur!
Cheibriados appreciates the change of pace.
Your lamp of fire has recharged.
The fire dragon is engulfed in blazing flames.
The fire dragon is engulfed in blazing flames.
The cyan ugly thing is engulfed in blazing flames.
You pummel the cyan ugly thing!! You freeze the cyan ugly thing.
You kill the cyan ugly thing!
Cheibriados thoroughly appreciates the change of pace.
Your Evocations skill increases to level 6!
The fire dragon is engulfed in blazing flames.
The fire dragon breathes flames at you. The blast of flame misses you.
Evoke which item? (* to show all) (? for menu, Esc to quit)
A fierce wind blows from the fan.
The fire dragon is blown away by the wind.
The fire dragon breathes flames at you. The blast of flame hits you!!!
The fire burns you terribly!
You die...

▓▓▓▓▓▓▓▓▓▓▓▓▓▓▓▓▓▓▓▓▓▓▓▓▓
[[[[[..........'Y.†○○D.☼☼
▓▓▓▓▓▓▓▓▓▓▓▓▓▓▓▓▓▓▓▓▓▓▓▓▓▓▓▓▓▓▓▓▓
.................................
▓▓▓▓▓▓▓▓▓▓▓▓▓▓▓▓▓▓▓▓▓▓▓▓▓▓▓▓▓▓▓▓▓
'))).T.......[[....∩.∩.∩.∩[.)..'.
▓▓▓▓▓▓▓▓▓▓▓▓▓▓▓▓▓▓▓▓▓▓▓▓▓▓▓▓▓▓▓▓▓
.................................
▓▓▓▓▓▓▓▓▓▓▓▓▓▓▓▓▓▓▓▓▓▓▓▓▓▓▓▓▓▓▓▓▓
....÷÷........'.........(..'..[[[


You could see a fire dragon.

Vanquished Creatures
  Gastronok (D)
  A very ugly thing (D)
  2 ogre magi (D)
  Erolcha (D)
  A hydra (D)
  A death yak (D)
  6 deep trolls (D)
  2 iron trolls (D)
  An orc knight (D)
  2 lindwurms (D)
  An ugly thing (D)
  A manticore (D)
  A spiny frog (D)
  2 komodo dragons (D)
  A yaktaur (D)
  3 trolls (D)
  3 tyrant leeches (D)
  2 hippogriffs (D)
  2 slime creatures (D)
  A wyvern (D)
  2 yaks (D)
  Grum (D)
  A basilisk (D)
  A soldier ant (D)
  A water moccasin (D)
  4 porcupines (D)
  17 orc warriors (D)
  An ogre (D)
  4 wolves (D)
  A boggart (D)
  3 crocodiles (D)
  A bullfrog (D)
  A wight (D)
  A howler monkey (D)
  A crimson imp (D)
  4 orc wizards (D)
  An orc priest (D)
  A hound (D)
  An iguana (D)
  An adder (D)
  A shadow imp (D)
  2 adder skeletons (D)
  3 worms (D)
  A leopard gecko (D)
  7 orcs (D)
  A bat zombie (D)
  A hobgoblin (D)
  A bat (D)
  A giant cockroach zombie (D)
  A goblin (D)
  A kobold (D)
103 creatures vanquished.

Notes
Turn   | Place    | Note
-------+----------+-------------------------------------------
     0 | D        | Findor the Octopode Transmuter began the quest for the Orb.
     0 | D        | Reached XP level 1. HP: 13/13 MP: 3/3
   246 | D        | Noticed a hound
   246 | D        | Noticed an iguana
   246 | D        | Noticed a howler monkey
   250 | D        | Killed a hound
   250 | D        | Reached skill level 3 in Dodging
   250 | D        | Reached skill level 3 in Spellcasting
   250 | D        | Reached skill level 3 in Transmutations
   250 | D        | Reached XP level 2. HP: 13/20 MP: 3/6
   250 | D        | Reached XP level 3. HP: 16/25 MP: 3/7
   261 | D        | Reached skill level 3 in Fighting
   261 | D        | Reached XP level 4. HP: 21/31 MP: 4/9
   264 | D        | HP: 6/31 [howler monkey (7)]
   314 | D        | Learned a level 2 spell: Sticks to Snakes
   318 | D        | Learned a level 3 spell: Spider Form
   378 | D        | Found a roughly hewn altar of Beogh.
   378 | D        | Found a snail-covered altar of Cheibriados.
   378 | D        | Found a shadowy altar of Dithmenos.
   378 | D        | Found a white marble altar of Elyvilon.
   378 | D        | Found a blossoming altar of Fedhas.
   378 | D        | Found an opulent altar of Gozag.
   379 | D        | Found a hazy altar of Hepliaklqana.
   380 | D        | Found a viscous altar of Jiyva.
   381 | D        | Found an ancient bone altar of Kikubaaqudgha.
   382 | D        | Became a worshipper of Cheibriados the Contemplative
   383 | D        | Found a corrupted altar of Lugonu.
   384 | D        | Found a burning altar of Makhleb.
   385 | D        | Found a sparkling altar of Nemelex Xobeh.
   386 | D        | Found an iron altar of Okawaru.
   387 | D        | Found a stormy altar of Qazlal.
   388 | D        | Found a sacrificial altar of Ru.
   389 | D        | Found a shimmering blue altar of Sif Muna.
   390 | D        | Found a bloodstained altar of Trog.
   391 | D        | Found a hide-covered altar of Uskayaw.
   392 | D        | Found a radiant altar of Vehumet.
   393 | D        | Found an ornate altar of the Wu Jian Council.
   394 | D        | Found a shimmering altar of Xom.
   395 | D        | Found a basalt altar of Yredelemnul.
   396 | D        | Found a glowing silver altar of Zin.
   397 | D        | Found a glowing golden altar of the Shining One.
   415 | D        | Got the +2 scimitar of Mugep {drain, Int+2}
   427 | D        | Noticed a bullfrog
   427 | D        | Noticed an orc warrior
   427 | D        | Noticed an ogre
   433 | D        | Killed a bullfrog
   433 | D        | Reached * piety under Cheibriados
   433 | D        | Reached XP level 5. HP: 38/38 MP: 8/12
   445 | D        | Killed an orc warrior
   445 | D        | Reached ** piety under Cheibriados
   445 | D        | Reached skill level 6 in Unarmed Combat
   445 | D        | Reached XP level 6. HP: 35/45 MP: 8/14
   449 | D        | Reached skill level 6 in Fighting
   449 | D        | Reached skill level 6 in Dodging
   449 | D        | Reached skill level 6 in Transmutations
   452 | D        | Reached *** piety under Cheibriados
   517 | D        | Noticed a soldier ant
   517 | D        | Noticed an orc warrior
   517 | D        | Noticed a manticore
   517 | D        | Noticed a slime creature
   521 | D        | Reached skill level 6 in Spellcasting
   527 | D        | Killed a soldier ant
   527 | D        | Reached XP level 7. HP: 53/53 MP: 12/16
   530 | D        | Reached **** piety under Cheibriados
   546 | D        | Killed a manticore
   546 | D        | Reached XP level 8. HP: 30/61 MP: 15/19
   551 | D        | HP: 1/61 [slime creature (17)]
   854 | D        | Learned a level 5 spell: Blade Hands
   859 | D        | Learned a level 4 spell: Ice Form
   874 | D        | Killed a slime creature
   874 | D        | Reached ***** piety under Cheibriados
  1044 | D        | Noticed a wyvern
  1044 | D        | Noticed a spiny frog
  1044 | D        | Noticed a komodo dragon
  1046 | D        | Noticed a yak
  1049 | D        | Reached skill level 9 in Unarmed Combat
  1053 | D        | Killed a wyvern
  1053 | D        | Reached skill level 3 in Invocations
  1055 | D        | Reached skill level 9 in Dodging
  1055 | D        | Noticed a death yak
  1057 | D        | Reached skill level 9 in Fighting
  1062 | D        | Killed a spiny frog
  1062 | D        | Reached XP level 9. HP: 52/69 MP: 18/20
  1069 | D        | Killed a komodo dragon
  1074 | D        | Reached ****** piety under Cheibriados
  1074 | D        | Reached skill level 6 in Invocations
  1076 | D        | HP: 14/70 [death yak (17)]
  1351 | D        | Killed a death yak
  1493 | D        | Noticed a komodo dragon
  1501 | D        | Killed a komodo dragon
  1501 | D        | Reached XP level 10. HP: 77/77 MP: 13/21
  1518 | D        | Reached skill level 9 in Invocations
  1563 | D        | Noticed a lindwurm
  1563 | D        | Noticed a lindwurm
  1566 | D        | Killed a lindwurm
  1566 | D        | Killed a lindwurm
  1566 | D        | Reached skill level 12 in Unarmed Combat
  1570 | D        | HP: 6/80 [tyrant leech (33)]
  1583 | D        | Reached skill level 12 in Dodging
  1597 | D        | Reached skill level 12 in Fighting
  1870 | D        | Noticed Grum
  1879 | D        | Killed Grum
  1966 | D        | Reached XP level 11. HP: 86/86 MP: 15/22
  2117 | D        | Upgraded the game from 0.25-a0-663-gace7076f2c to
                  | 0.25-a0-665-ga69d64035b
  2346 | D        | Found Zopoadabb's Antique Armour Emporium.
  2346 | D        | Noticed a deep troll
  2346 | D        | Noticed a deep troll
  2346 | D        | Noticed a deep troll
  2346 | D        | Noticed a deep troll
  2346 | D        | Noticed a deep troll
  2351 | D        | Noticed an iron troll
  2354 | D        | Killed a deep troll
  2357 | D        | Killed a deep troll
  2360 | D        | HP: 15/88 [deep troll (20)]
  2361 | D        | Killed a deep troll
  2361 | D        | Killed a deep troll
  2362 | D        | Killed a deep troll
  2367 | D        | Found Peffefeq's Antique Weapon Shoppe.
  2614 | D        | Killed an iron troll
  2656 | D        | Found Hasabeler's Food Emporium.
  2658 | D        | Noticed a deep troll
  2664 | D        | Found Imidghie's Gadget Shoppe.
  2665 | D        | Noticed an iron troll
  2667 | D        | Noticed an ogre mage
  2669 | D        | Noticed an ogre mage
  2673 | D        | Killed an iron troll
  2673 | D        | Reached skill level 3 in Stealth
  2676 | D        | HP: 14/90 [deep troll (25)]
  2677 | D        | Killed a deep troll
  2677 | D        | Killed an ogre mage
  2677 | D        | Reached skill level 15 in Fighting
  2677 | D        | Reached skill level 15 in Dodging
  2677 | D        | Reached skill level 6 in Stealth
  2677 | D        | Reached XP level 12. HP: 15/98 MP: 15/23
  2678 | D        | Killed an ogre mage
  2993 | D        | Bought a glowing hat for 154 gold pieces
  3006 | D        | Bought a lamp of fire for 400 gold pieces
  3018 | D        | Bought a wand of acid (3) for 140 gold pieces
  3020 | D        | Bought a ration for 55 gold pieces
  3020 | D        | Bought a ration for 55 gold pieces
  3020 | D        | Bought a ration for 55 gold pieces
  3022 | D        | Bought a polished rapier for 243 gold pieces
  3022 | D        | Identified the +6 rapier of the Foremost Emperors {drain,
                  | Str+4} (You bought it in a shop in the Dungeon)
  3083 | D        | Noticed Gastronok
  3092 | D        | Killed Gastronok
  3092 | D        | Reached skill level 9 in Stealth
  3227 | D        | Noticed Erolcha
  3235 | D        | Killed Erolcha
  3414 | D        | Noticed a four-headed hydra
  3430 | D        | Killed a four-headed hydra
  3430 | D        | Reached skill level 3 in Evocations
  3435 | D        | Noticed a cyan very ugly thing
  3438 | D        | Noticed a fire dragon
  3443 | D        | HP: 16/118 [cyan very ugly thing (19)]
  3445 | D        | Killed a cyan very ugly thing
  3447 | D        | Reached skill level 6 in Evocations
  3449 | D        | Killed from afar by a fire dragon

Levels and vault maps discovered:
D:        linesprint [early_d, line_temple, items_1, d_10, items_2, lair_1,
          lair_end, items_3, orc_1, orc_end, items_4, d_15, swamp_1, shoals_1,
          snake_1, spider_1, d_20, vaults_1, items_5, swamp_end, shoals_end,
          snake_end, spider_end, vaults_end, d_27, items_6, zot_1, zot_end,
          crypt_end, forest_end, elf_end, slime_end, tomb_end, abyss_end,
          pan_hell_end]

Action                   |  1- 3 |  4- 6 |  7- 9 | 10-12 || total
-------------------------+-------+-------+-------+-------++-------
Melee: Unarmed           |    25 |    37 |    67 |   112 ||   241
       Constrict         |     5 |     1 |       |    10 ||    16
       Tentacles         |     5 |       |       |    20 ||    25
       Kick              |     1 |     1 |       |       ||     2
       Punch             |     1 |       |       |    18 ||    19
       Scimitar          |       |       |       |    21 ||    21
       Rapier            |       |       |       |     2 ||     2
 Cast: Beastly Appendage |     1 |     1 |       |       ||     2
       Spider Form       |       |     4 |     2 |     4 ||    10
       Ice Form          |       |       |     2 |     1 ||     3
       Blade Hands       |       |       |       |     4 ||     4
Invok: Slouch            |       |       |     4 |    11 ||    15
       Temporal Distorti |       |       |     2 |     1 ||     3
       Step From Time    |       |       |       |     1 ||     1
Evoke: Wand              |       |       |     1 |     1 ||     2
       Fan of gales      |       |       |     1 |     1 ||     2
       Lamp of fire      |       |       |       |     2 ||     2
  Use: Potion            |       |     2 |     1 |     4 ||     7
       Scroll            |       |       |     1 |     2 ||     3
 Stab: Distracted        |       |       |     1 |       ||     1
       Invisible         |       |       |       |     7 ||     7
       Sleeping          |       |       |       |     1 ||     1
  Eat: Chunk             |       |       |       |     4 ||     4
       Ration            |       |       |       |     2 ||     2
Armor: Skin              |     1 |     1 |     3 |     4 ||     9
Dodge: Dodged            |    17 |    29 |    53 |   128 ||   227
       Rpst.: Scimitar   |       |       |       |     9 ||     9
